 Dungeon Sprint DCSS version 0.26.1-11-gd32895ea62 (webtiles) character file.

Game seed: 18162716760555757786

523 wazuzu the Skirmisher (level 7, 0/42 HPs)
             Began as a Vine Stalker Fighter on July 20, 2021.
             Was a Follower of Ru.
             Slain by an air elemental (4 damage)
             ... in the Dungeon (Sprint V: "Ziggurat Sprint").
             The game lasted 00:04:28 (350 turns).

wazuzu the Skirmisher (Vine Stalker Fighter)         Turns: 350, Time: 00:04:29

Health: 0/42       AC: 15    Str: 33    XL:     7   Next: 22%
Magic:  0/8        EV: 11    Int:  8    God:    Ru [*.....]
Gold:   0          SH:  9    Dex: 13    Spells: 6/6 levels left

rFire    + + .     SeeInvis .   a - +6 shillelagh "Devastator" {shatter}
rCold    x . .     Faith    .   w - +3 buckler
rNeg     . . .     Spirit   +   c - +5 fire dragon scales
rPois    .         Reflect  .   (no helmet)
rElec    .         Harm     .   (no cloak)
rCorr    .         Rampage  .   (no gloves)
Will     .....     NoTele   +   (no boots)
Stlth    ..........             (no amulet)
HPRegen  0.54/turn              A - +6 ring of strength
MPRegen  0.11/turn              B - +6 ring of strength

@: flying (expiring), invisible
A: fangs 2, regeneration 1, magic shield, antimagic bite, no potion heal 3, no
air magic, no summoning magic, no transmutations magic
a: Renounce Religion


You were in the Dungeon.
You worshipped Ru.
Ru was aware of your devotion.
You visited 1 branch

Inventory:

Hand Weapons
 a - the +6 shillelagh "Devastator" (weapon) {shatter}
   (You found it in the Dungeon)
 v - a +5 demon whip
Armour
 c - +5 fire dragon scales (worn)
 w - a +3 buckler (worn)
 x - a +3 kite shield
 y - a +3 tower shield
 z - +5 gold dragon scales
Jewellery
 A - a +6 ring of strength (left hand)
 B - a +6 ring of strength (right hand)
Wands
 m - a wand of disintegration (7)
 n - a wand of iceblast (7)
 o - a wand of acid (7)
Scrolls
 i - 4 scrolls of blinking
 p - 4 scrolls of amnesia
 q - 7 scrolls of fog
 r - a scroll of holy word
 s - 5 scrolls of identify
 t - 5 scrolls of remove curse
 u - 2 scrolls of fear
Potions
 d - 6 potions of might
 e - 9 potions of curing
 f - 6 potions of haste
 g - 7 potions of magic
 h - 3 potions of berserk rage
 j - 2 potions of brilliance
 k - a potion of invisibility
 l - 4 potions of resistance


   Skills:
 + Level 7.6 Fighting
 + Level 5.8 Maces & Flails
 + Level 7.1 Armour
 + Level 2.3 Dodging
 + Level 7.5 Shields
 + Level 2.8 Unarmed Combat


You had 6 spell levels left.
You didn't know any spells.
Your spell library was empty.

Dungeon Overview and Level Annotations

Branches:
Dungeon (1/1)

Altars:
Ashenzari
Cheibriados
Dithmenos
Elyvilon
Fedhas
Gozag
Hepliaklqana
Kikubaaqudgha
Makhleb
Nemelex Xobeh
Okawaru
Qazlal
Ru
Sif Muna
Trog
Uskayaw
Vehumet
Wu Jian
Xom
Yredelemnul
Zin
The Shining One
Beogh
Jiyva
Lugonu

Annotations:
D 1 transporter


Innate Abilities, Weirdness & Mutations

You have extremely sharp teeth.
Your natural rate of healing is unusually fast.
When hurt, damage is shared between your health and your magic reserves.
Your bite disrupts and absorbs the magic of your enemies.
Potions cannot restore your health.
You cannot study or cast Air magic.
You cannot study or cast Summoning magic.
You cannot study or cast Transmutations magic.


Message History

The deep elf archer picks up a +0 short sword of speed.
The deep elf archer wields a +0 short sword of speed.
The deep elf archer unwields a +0 dagger.
The deep elf archer drops a +0 dagger.
The deep elf archer picks up the +5 spear "Woenurgh" {distort, rF+}.
The deep elf archer wields the +5 spear "Woenurgh" {distort, rF+}.
Its appearance distorts for a moment.
Found four items.
Found a transporter.
The deep elf knight casts a spell at you.
The lance of force hits you!!
Ouch! That really hurt!
You are knocked back by the lance of force.
You slam into the unnaturally hard rock wall!
* * * LOW HITPOINT WARNING * * *
You fade into invisibility!
The vortex of raging winds lifts you up.
You fly up into the air.
* * * LOW HITPOINT WARNING * * *
The air elemental hits you.
You die...

▓..©..▓..©..▓▓▓▓▓▓▓
▓▓▓▓▓▓▓▓▓▓▓▓▓▓▓▓▓▓▓
▓..8©8...▓.§8§8§..▓
▓..)=|...▓.§§§§§..▓
▓...)....▓Eee§)§..▓
▓........▓§§§e§...▓
▓..†.....▓§§§§§§..▓
▓.▓†...▓.▓§▓E§§§▓.▓
▓..†©....▓§§§@§§..▓
▓▓▓▓▓▓▓▓▓▓▓▓▓▓▓▓▓▓▓


You could see 2 deep elf archers, a deep elf knight (wandering), a water
elemental (wandering) and an air elemental.

Vanquished Creatures
  A tarantella (D)
  3 scorpions (D)
  2 crimson imps (D)
  A jelly (D)
  An orc priest (D)
  An iron imp (D)
  2 orc wizards (D)
  An ufetubus (D)
  An ooze (D)
13 creatures vanquished.

Notes
Turn   | Place    | Note
-------+----------+-------------------------------------------
     0 | D        | wazuzu the Vine Stalker Fighter began the quest for the
                  | Orb.
     0 | D        | Reached XP level 1. HP: 11/11 MP: 2/2
     0 | D        | Found a shimmering blue altar of Sif Muna.
     0 | D        | Found a sacrificial altar of Ru.
     0 | D        | Found a bloodstained altar of Trog.
     0 | D        | Found a stormy altar of Qazlal.
     0 | D        | Found an iron altar of Okawaru.
     0 | D        | Found a sparkling altar of Nemelex Xobeh.
     0 | D        | Found a blossoming altar of Fedhas.
     1 | D        | Found the +6 Majin-Bo {vamp, MP+6 Int+6}
     1 | D        | Found the +9 heavy crossbow "Sniper" {vorpal, Acc+∞ SInv}
     1 | D        | Found the +10 dark maul {vorpal}
     1 | D        | Found the +15 Maxwell's patent armour {-Cast -Tele rElec
                  | Will+ rCorr}
     1 | D        | Found the +18 shield of the Gong {rElec rN+ Will+ EV-5}
     1 | D        | Found the cursed +14 obsidian axe {vorpal, +Fly SInv
                  | *Curse}
     1 | D        | Found the +7 great mace "Firestarter" {inner flame, rF++}
     1 | D        | Found the +6 shillelagh "Devastator" {shatter}
     1 | D        | Found the +11 plutonium sword {*Contam Stlth-}
     1 | D        | Found the +8 lance "Wyrmbane" {slay drac, rPois rF+ rC+
                  | AC+3}
     1 | D        | Found the +9 sword of Zonguldrok {reap}
     1 | D        | Found the cursed +13 scythe of Curses {drain, *Curse}
     1 | D        | Found the +5 sword of Power {vorpal}
     1 | D        | Found the +7 mace of Variability {chain chaos}
     1 | D        | Found the +7 Singing Sword {vorpal, sonic wave}
     1 | D        | Found the +8 storm bow {elec, penet}
     2 | D        | Reached XP level 2. HP: 17/17 MP: 3/3
     9 | D        | Found a transporter.
     9 | D        | Found an ancient bone altar of Kikubaaqudgha.
     9 | D        | Found a viscous altar of Jiyva.
     9 | D        | Found a corrupted altar of Lugonu.
     9 | D        | Found a hazy altar of Hepliaklqana.
     9 | D        | Found a burning altar of Makhleb.
     9 | D        | Found an opulent altar of Gozag.
    13 | D        | Banished a spatial maelstrom
    75 | D        | Became a worshipper of Ru the Awakened
    90 | D        | Entered arena 2.
    90 | D        | Found a transporter.
    95 | D        | Reached XP level 3. HP: 9/21 MP: 2/4
   264 | D        | Entered arena 3.
   264 | D        | Found a transporter.
   270 | D        | Gained mutation: Your natural rate of healing is unusually
                  | fast. [Vine Stalker growth]
   270 | D        | Reached XP level 4. HP: 13/26 MP: 1/5
   272 | D        | Reached skill level 5 in Fighting
   272 | D        | Reached skill level 5 in Armour
   272 | D        | Reached skill level 5 in Shields
   272 | D        | Reached XP level 5. HP: 16/30 MP: 1/6
   317 | D        | Entered arena 4.
   317 | D        | Found a transporter.
   326 | D        | Gained mutation: You cannot study or cast Air magic. [Ru
                  | sacrifice]
   326 | D        | Gained mutation: You cannot study or cast Transmutations
                  | magic. [Ru sacrifice]
   326 | D        | Gained mutation: You cannot study or cast Summoning magic.
                  | [Ru sacrifice]
   326 | D        | Reached * piety under Ru
   331 | D        | Reached XP level 6. HP: 37/37 MP: 7/7
   336 | D        | Entered arena 5.
   336 | D        | Noticed a tarantella
   336 | D        | Found a transporter.
   340 | D        | Reached skill level 5 in Maces & Flails
   340 | D        | Killed a tarantella
   341 | D        | Reached XP level 7. HP: 37/42 MP: 8/8
   348 | D        | Entered arena 6.
   348 | D        | Noticed an air elemental
   348 | D        | Noticed a water elemental
   348 | D        | Noticed a deep elf archer
   348 | D        | Noticed a deep elf knight
   348 | D        | Noticed a deep elf archer
   348 | D        | Found a transporter.
   349 | D        | Identified the +5 spear "Woenurgh" {distort, rF+}
   350 | D        | Slain by an air elemental

Illustrated notes

Levels and vault maps discovered:
D:        sprint_v [room_start, room_1, room_2, room_3, room_4, room_5, room_6,
          room_7, room_8, room_9, room_10, room_11, room_12, room_13, room_14,
          room_15, room_16, room_17, room_18, room_19, room_20, room_21,
          room_22, room_23, room_24, room_25, room_26, room_27]

Skill      XL: |  1  2  3  4  5  6  7 |
---------------+----------------------+-----
Fighting       | 3 4 5 6 7 |  7.6
Maces & Flails | 3 4 5 |  5.8
Armour         | 3 4 5 6 7 |  7.1
Dodging        | 2 |  2.3
Shields        | 3 4 5 6 7 |  7.5
Unarmed Combat | 2 |  2.8

Action                   |  1- 3 |  4- 6 |  7- 9 || total
-------------------------+-------+-------+-------++-------
Melee: Shillelagh        |     7 |    11 |     1 ||    19
       Bite              |     3 |     1 |       ||     4
Invok: Sacrifice Arcana  |       |     1 |       ||     1
  Use: Potion            |     1 |     1 |     1 ||     3
Armor: Fire dragon scale |     3 |     3 |       ||     6
Dodge: Dodged            |     5 |       |       ||     5
Block: Buckler           |     2 |     1 |       ||     3
